 Dungeon Crawl Stone Soup version 0.18-a0-1484-g95ebbe1 (webtiles) character file.

399 CopycatKevin the Ruffian (level 6, -9/61 HPs)
             Began as a Troll Monk on Mar 2, 2016.
             Engulfed by a cloud of flame (23 damage)
             ... on level 3 of the Dungeon.
             The game lasted 00:08:23 (2747 turns).

CopycatKevin the Ruffian (Troll Monk)               Turns: 2747, Time: 00:08:26

Health: -9/61      AC:  5    Str: 22    XL:     6   Next: 53%
Magic:  14/14      EV:  8    Int:  6    God:
Gold:   124        SH:  8    Dex: 12    Spells: 0 memorised, 5 levels left

rFire  . . .     SeeInvis .       - Unarmed
rCold  . . .     Gourm    +     a - +0 robe
rNeg   . . .     Faith    .     g - +0 shield
rPois  .         Spirit   .     (helmet restricted)
rElec  .         Dismiss  .     (no cloak)
rCorr  .         Reflect  .     (gloves unavailable)
SustAt .         Harm     .     (boots unavailable)
MR     .....                    (no amulet)
Stlth  ++........               m - ring of wizardry
                                h - ring of magical power

@: not resistant to hostile enchantments, unstealthy
A: unfitting armour, claws 3, fast metabolism 3, gourmand, regeneration 2,
shaggy fur 1, tough skin 2
a: no special abilities


You were on level 3 of the Dungeon.
You were completely stuffed.

You visited 1 branch of the dungeon, and saw 3 of its levels.

You collected 124 gold pieces.

Inventory:

Armour
 a - a +0 robe (worn)
 g - a +0 shield (worn)
Jewellery
 h - a ring of magical power (left claw)
 m - a ring of wizardry (right claw)
Wands
 i - a wand of teleportation (5/9)
 p - a wand of slowing (4/48)
Scrolls
 d - 3 scrolls of identify
 f - a scroll of teleportation
 k - 2 scrolls of recharging
 r - a scroll of amnesia {unknown}
 t - a scroll of remove curse {unknown}
Potions
 c - a potion of lignification {unknown}
 e - a potion of heal wounds {unknown}
 j - 2 potions of curing {unknown}
 o - a potion of brilliance {unknown}
 s - a potion of mutation {unknown}
Comestibles
 b - 6 bread rations


   Skills:
 + Level 3.4 Fighting
 + Level 3.7 Dodging
 + Level 2.0 Stealth
 + Level 1.0 Shields
 + Level 5.6 Unarmed Combat


You had 5 spell levels left.
You didn't know any spells.

Dungeon Overview and Level Annotations

Branches:
Dungeon (3/15)

Altars:
Gozag
Pakellas
Sif Muna


Innate Abilities, Weirdness & Mutations

You are too large for most types of armour.
You have claws for hands.
Your metabolism is lightning-fast.
You like to eat raw meat.
You heal very quickly.
You are covered in fur (AC +1).
You have very tough skin (AC +2).


Message History

The orc wizard blinks!
The orc wizard gestures at you while chanting.
You resist with some effort.
The orc wizard casts a spell.
The orc wizard blinks!
You scratch the orc wizard.
Your attack snaps the orc wizard out of its fear.
The orc wizard is lightly wounded.
The orc wizard points at you and mumbles some strange words.
You resist with some effort. You block the orc wizard's attack.
You scratch the orc wizard.
The orc wizard is lightly wounded.
The orc wizard hits you but does no damage.
You claw the orc wizard!
The orc wizard explodes!
The fiery explosion engulfs you!
Ouch! That really hurt!
* * * LOW HITPOINT WARNING * * *
You are engulfed in roaring flames.
You die...

###..)#.# ##.# ###
#.....##..#.#
....###.#
#..#######.###.##..#.#
..### #.# #..........#
#.##....# ..# #.#
##...###..#.#
#.###.###
..#####.###..###
##.#.# #.......#
..#.........##
####.#.#######.#.#
..#........##
#....#.........#.#
..#........#
##§##.###########.#
..#....)...# ##)@.##..
..#.. ###........#
#§§§..#### #.### #
#........# #.8.8.#
#.### # #........#
###'### #.#.. #
#........# #.%.# #....
#######.#### #...#
##.... #.......# #≈≈≈#
##..⌠.⌠ #.#######
#.o.# #...... #)###
##### #.⌠....


You could see an orc wizard.

Vanquished Creatures
  Sigmund (D:2)
  An orc priest (D:3)
  An orc wizard (D:3)
  Jessica (D:2)
  Ijyb (D:2)
  5 adders
  A worm (D:2)
  2 dart slugs
  A giant gecko (D:1)
  3 orcs (D:3)
  A ball python (D:1)
  3 giant cockroaches
  8 goblins
  9 hobgoblins
  4 jackals (D:3)
  10 kobolds
  A quokka (D:3)
  5 bats
  A giant newt (D:1)
  14 rats
73 creatures vanquished.

Notes
Turn   | Place    | Note
--------------------------------------------------------------
     0 | D:1      | CopycatKevin the Troll Monk began the quest for the Orb.
     0 | D:1      | Reached XP level 1. HP: 22/22 MP: 0/0
   275 | D:1      | Reached XP level 2. HP: 18/29 MP: 1/1
   635 | D:1      | Reached XP level 3. HP: 36/36 MP: 2/2
  1003 | D:2      | Noticed Jessica
  1007 | D:2      | Killed Jessica
  1076 | D:2      | Noticed Ijyb
  1085 | D:2      | Killed Ijyb
  1085 | D:2      | Reached XP level 4. HP: 36/44 MP: 3/3
  1328 | D:2      | Noticed Sigmund
  1344 | D:2      | Killed Sigmund
  1344 | D:2      | Reached skill level 5 in Unarmed Combat
  1344 | D:2      | Reached XP level 5. HP: 31/53 MP: 4/4
  1368 | D:2      | Reached XP level 6. HP: 43/61 MP: 5/5
  1664 | D:2      | Found an oddly glowing altar of Pakellas.
  2017 | D:3      | Found an opulent altar of Gozag.
  2538 | D:3      | Reached skill level 1 in Shields
  2719 | D:3      | Found a deep blue altar of Sif Muna.
  2747 | D:3      | Engulfed by a cloud of flame

Vault maps used:
D:1:      dpeg_arrival_ratfight, st_stairs_6, minmay_vboxes
D:2:      grunt_pakellas_basics, uniq_jessica, uniq_iyjb, uniq_sigmund
D:3:      lemuel_doored_altar, minmay_large_rounded_square, grunt_ministairs_9,
          corexii_hall_statues_u, led_sif_book

Skill      XL: |  1  2  3  4  5  6 |
---------------+-------------------+-----
Dodging        | 3 |  3.7
Fighting       | 3 |  3.4
Unarmed Combat | 5 |  5.6
Stealth        | 2 |  2.0
Shields        | 1 |  1.0

Action                   |  1- 3 |  4- 6 || total
-------------------------+-------+-------++-------
Melee: Unarmed           |    85 |   107 ||   192
  Use: Scroll            |     2 |     2 ||     4
 Stab: Sleeping          |     4 |     4 ||     8
  Eat: Chunk             |    15 |    16 ||    31
